 Dungeon Crawl Stone Soup version 0.17-a0-1582-ge6b0260 (webtiles) character file.

140 Dunecat the Magician (level 5, -3/29 HPs)
             Began as a Deep Elf Wizard on July 28, 2015.
             Was an Initiate of Kikubaaqudgha.
             Slain by a gnoll
             ... wielding a cursed -3 halberd
              (10 damage)
             ... on level 4 of the Dungeon.
             The game lasted 00:26:00 (3203 turns).

Dunecat the Magician (Deep Elf Wizard)              Turns: 3203, Time: 00:26:00

Health: -3/29      AC:  3    Str:  4    XL:     5   Next: 2%
Magic:  3/14       EV:  7    Int: 24    God:    Kikubaaqudgha [......]
Gold:   205        SH:  0    Dex: 13    Spells: 5 memorised, 4 levels left

rFire  . . .     SeeInvis .     h - +0 whip
rCold  . . .     Clarity  .     l - +0 leather armour (curse)
rNeg   . . .     SustAt   .     (no shield)
rPois  .         Gourm    .     b - +0 hat
rElec  .         Spirit   .     (no cloak)
rCorr  .         Warding  .     (no gloves)
rMut   .         Stasis   .     (no boots)
MR     .....                    (no amulet)
Stlth  ++........               (no ring)
                                (no ring)

@: repel missiles, not resistant to hostile enchantments, unstealthy
A: no striking features
a: Renounce Religion


You were on level 4 of the Dungeon.
You worshipped Kikubaaqudgha.
Kikubaaqudgha was noncommittal.
You were not hungry.

You visited 1 branch of the dungeon, and saw 4 of its levels.

You collected 205 gold pieces.

Inventory:

Hand weapons
 e - a +0 dagger
 g - a +0 hand axe
 h - a +0 whip (weapon)
Armour
 a - a +0 robe
 b - a +0 hat (worn)
 l - a cursed +0 leather armour (worn)
 x - a +0 leather armour of fire resistance
Jewellery
 y - an uncursed ring of poison resistance {unknown}
Magical devices
 v - a wand of slowing (21)
Scrolls
 f - a scroll of fog
 i - a scroll of identify
 k - 2 scrolls of immolation
 n - 2 scrolls of remove curse {unknown}
 r - a scroll of recharging {unknown}
 u - 2 scrolls of noise
 w - a scroll of enchant armour {unknown}
 B - a scroll of enchant weapon {unknown}
Potions
 j - a potion of heal wounds {unknown}
 p - a potion of flight {unknown}
 q - a potion of resistance {unknown}
 s - 2 potions of brilliance {unknown}
 t - a potion of degeneration {unknown}
 z - a potion of haste {unknown}
 A - a potion of might {unknown}
Books
 c - a book of Minor Magic

   Spells                             Type                      Level
   a - Magic Dart                     Conjuration                  1
   b - Blink                          Translocation                2
   c - Call Imp                       Summoning                    2
   d - Repel Missiles                 Charms/Air                   2
   e - Slow                           Hexes                        2
   f - Conjure Flame                  Conjuration/Fire             3
   g - Mephitic Cloud                 Conjuration/Poison/Air       3
 o - a book of Envenomations

   Spells                             Type                      Level
   a - Spider Form                    Transmutation/Poison         3
   b - Alistair's Intoxication        Transmutation/Poison         4
   c - Olgreb's Toxic Radiance        Poison                       4
   d - Poisonous Cloud                Conjuration/Poison/Air       6
Comestibles
 d - 3 bread rations
 m - 2 meat rations
 C - a chunk of flesh


   Skills:
 + Level 1.4 Fighting
 + Level 1.0 Armour
 + Level 3.1 Dodging
 - Level 2.4 Stealth
 + Level 5.0 Spellcasting
 * Level 2.8 Conjurations
 + Level 1.3 Charms
 - Level 1.1 Summonings
 + Level 0.2 Necromancy
 + Level 1.5 Translocations
 + Level 0.4 Evocations


You had 4 spell levels left.
You knew the following spells:

 Your Spells              Type           Power        Failure   Level  Hunger
a - Magic Dart            Conj           ###.         6%          1    None
b - Blink                 Tloc           N/A          14%         2    None
c - Call Imp              Summ           ##......     17%         2    None
d - Repel Missiles        Chrm/Air       #.....       21%         2    None
e - Mephitic Cloud        Conj/Pois/Air  ##......     34%         3    ##.....


Dungeon Overview and Level Annotations

Branches:
Dungeon (4/15)
 Temple: D:4-7

Altars:
Cheibriados
Kikubaaqudgha
Okawaru
Xom


Message History

You have reached level 5!
Things that are here:
a whip; a gnoll corpse You butcher the gnoll corpse.
C - 2 chunks of flesh
Things that are here:
a whip; a gnoll skeleton Eat one of 2 chunks of flesh? (ye/n/q/i?) This raw flesh tastes terrible.
You continue eating. x2
There is a stone staircase leading down here.
You climb downwards.
The gnoll closely misses you.
The gnoll hits you with a spear of piercing.
The adder skeleton barely misses you.
There is a stone staircase leading up, spattered with blood here.
The gnoll hits you with a spear of piercing!
* * * LOW HITPOINT WARNING * * *
The adder skeleton barely misses you. The gnoll hits you with a halberd!
You die...
Kikubaaqudgha rasps: "You have failed me!
Welcome... death!"

##........................
##.........................
##....................).....
#...........................
#...........................
.....................(.....#
............................
............................
..............gg@...........
#..............Zg.........##
##........................#
##.....................#.#
#.....................#.#
####..................# #
##....<...........##
##..............##
###..........###


You could see 3 gnolls and an adder skeleton.

Vanquished Creatures
  An iguana (D:4)
  An orc priest (D:3)
  A gnoll (D:3)
  A giant gecko (D:2)
  An orc (D:3)
  A ball python (D:2)
  3 giant cockroaches
  8 goblins
  2 hobgoblins
  2 jackals (D:3)
  7 kobolds
  2 quokkas
  2 bats
  2 giant newts
  A jackal skeleton (D:4)
  5 rats
40 creatures vanquished.

Vanquished Creatures (collateral kills)
  An orc priest (D:3)
  An adder (D:3)
  A shadow imp (D:3)
  2 oozes (D:2)
  2 worms (D:2)
  2 orcs (D:3)
  A hobgoblin (D:3)
  A kobold (D:2)
11 creatures vanquished.

Grand Total: 51 creatures vanquished

Notes
Turn   | Place    | Note
--------------------------------------------------------------
     0 | D:1      | Dunecat the Deep Elf Wizard began the quest for the Orb.
     0 | D:1      | Reached XP level 1. HP: 10/10 MP: 7/7
   427 | D:1      | Reached XP level 2. HP: 6/15 MP: 5/9
  1081 | D:1      | Learned a level 2 spell: Blink
  1084 | D:1      | Learned a level 2 spell: Call Imp
  1087 | D:1      | Learned a level 2 spell: Repel Missiles
  1750 | D:2      | Reached XP level 3. HP: 20/20 MP: 2/11
  2213 | D:3      | Reached skill level 1 in Charms
  2332 | D:3      | Found an iron altar of Okawaru.
  2578 | D:3      | Learned a level 3 spell: Mephitic Cloud
  2586 | D:3      | Found an ancient bone altar of Kikubaaqudgha.
  2586 | D:3      | Found a snail-covered altar of Cheibriados.
  2587 | D:3      | Found a shimmering altar of Xom.
  2594 | D:3      | Became a worshipper of Kikubaaqudgha
  2759 | D:3      | Reached skill level 1 in Fighting
  2759 | D:3      | Reached XP level 4. HP: 17/25 MP: 4/12
  2768 | D:3      | Reached skill level 5 in Spellcasting
  3063 | D:4      | Reached skill level 1 in Armour
  3187 | D:3      | Reached XP level 5. HP: 24/29 MP: 1/14
  3203 | D:4      | Slain by a gnoll

Vault maps used:
D:1:      minmay_arrival_nine_rooms, hangedman_decor_clover_reticule,
          minmay_misc_feat_more_columns, minivault_27
D:3:      gammafunk_temple_overflow_claw, lemuel_doored_altar, first_bread
D:4:      temple_hall

Action                   |  1- 3 |  4- 6 || total
-------------------------+-------+-------++-------
Melee: Whip              |    66 |    12 ||    78
 Cast: Magic Dart        |    80 |     9 ||    89
       Call Imp          |    11 |     5 ||    16
       Repel Missiles    |     2 |       ||     2
       Mephitic Cloud    |     3 |     3 ||     6
       Blink             |       |     3 ||     3
  Use: Scroll            |     4 |       ||     4
       Potion            |     1 |     1 ||     2
 Stab: Sleeping          |     1 |       ||     1
       Confused          |       |     1 ||     1
  Eat: Chunk             |     5 |     2 ||     7
